 Dungeon Crawl Stone Soup version 0.30.0-29-ga12c61a403 (webtiles) character file.

Game seed: 12583305613819544452

322 DemonSlayer the Digger (level 6, -5/42 HPs)
             Began as a Demonspawn Earth Elementalist on June 23, 2023.
             Was an Initiate of Dithmenos.
             Slain by an iguana (13 damage)
             ... on level 4 of the Dungeon.
             The game lasted 00:04:56 (2616 turns).

DemonSlayer the Digger (DsEE)                       Turns: 2616, Time: 00:04:57

Health: -5/42      AC:  2    Str:  9    XL:     6   Next: 22%
Magic:  9/12       EV: 12    Int: 18    God:    Dithmenos [......]
Gold:   150        SH:  0    Dex: 13    Spells: 4/13 levels left

rFire   x . .        b - +0 dagger
rCold   + . .        (no shield)
rNeg    . . .        a - +0 robe
rPois   .            (helmet restricted)
rElec   .            (no cloak)
rCorr   .            (no gloves)
SInv    .            (no boots)
Will    .....        (no amulet)
Stlth   ++           j - ring of ice
HPRegen 0.27/turn    (no ring)
MPRegen 0.13/turn

%: no passive effects
@: no status effects
A: horns 1, demonic guardian 3
a: Renounce Religion


You were on level 4 of the Dungeon.
You worshipped Dithmenos.
Dithmenos was noncommittal.
You visited 2 branches of the dungeon, and saw 5 of its levels.

You collected 150 gold pieces.

Inventory:

Hand Weapons
 b - a +0 dagger (weapon)
Armour
 a - a +0 robe (worn)
 m - an orb of wrath
Jewellery
 j - a ring of ice (left hand)
 s - an amulet of regeneration
 t - a ring of magical power
Scrolls
 f - 4 scrolls of identify {unknown}
 g - a scroll of poison {unknown}
 h - a scroll of fog {unknown}
 i - a scroll of teleportation {unknown}
 n - a scroll of vulnerability {unknown}
 p - 2 scrolls of immolation {unknown}
 q - a scroll of magic mapping {unknown}
Potions
 c - 2 potions of curing {unknown}
 d - a potion of degeneration {unknown}
 e - a potion of heal wounds {unknown}
 k - 2 potions of brilliance {unknown}
 l - a potion of haste {unknown}
 o - a potion of resistance
 r - a potion of invisibility {unknown}


   Skills:
 + Level 0.6 Fighting
 + Level 0.6 Short Blades
 + Level 2.4 Dodging
 + Level 2.5 Stealth
 + Level 4.1 Spellcasting
 + Level 0.8 Transmutations
 + Level 4.4 Earth Magic


You had 4 spell levels left.
You knew the following spells:

 Your Spells              Type           Power      Damage    Failure   Level
a - Sandblast             Erth           38%        2d10      2%          1
b - Passwall              Tmut/Erth      10%        N/A       8%          2
c - Stone Arrow           Conj/Erth      22%        3d8       19%         3
d - Mephitic Cloud        Conj/Pois/Air  3%         N/A       41%         3

Your spell library contained the following spells:

 Spells                   Type           Power      Damage    Failure   Level
 Magic Dart               Conj           12%        1d3       14%         1
 Call Imp                 Summ           6%         N/A       22%         2
 Petrify                  Tmut/Erth      13%        N/A       45%         4


Dungeon Overview and Level Annotations

Branches:
Dungeon (4/15)             Temple (1/1) D:4

Altars:
Dithmenos
Fedhas
Qazlal
Vehumet
Wu Jian

Annotations:
D:2 Terence


Innate Abilities, Weirdness & Mutations

You have a pair of small horns on your head.
A powerful demonic guardian rushes to your aid.


Message History

The jackal is severely wounded.
The jackal closely misses you. The jackal barely misses you.
The blast of sand hits the jackal!
You kill the jackal!
Dithmenos accepts your kill.
You are out of magic!
Things that are here:
a +0 giant club; a giant cockroach corpse You see here a jackal corpse.
c - 2 fizzy orange potions (gained 1)
Found a blossoming altar of Fedhas.
There is a blossoming altar of Fedhas here.
You see here a jackal corpse.
Found a whip.
Found a stone staircase leading down.
An iguana comes into view.
An iguana is nearby!
An iguana is nearby!
An iguana is nearby!
A hobgoblin comes into view.
The hobgoblin shouts!
The iguana hisses angrily.
You hear an angry hiss.
An iguana comes into view.
The hobgoblin hits you.
The blast of sand hits the hobgoblin!
You kill the hobgoblin!
Dithmenos accepts your kill. The iguana barely misses you.
The blast of sand hits the iguana but does no damage.
The iguana barely misses you. The iguana bites you.
The blast of sand hits the iguana.
The iguana is lightly wounded.
The iguana barely misses you. The iguana bites you! x3
* * * LOW HITPOINT WARNING * * *
A demonic guardian appears!
You are too injured to fight recklessly!
You are too injured to fight recklessly!
You are too injured to fight recklessly!
Your soul eater hits the iguana.
The iguana attacks as you move away! The iguana bites you!
You die...

.#..#.# ...
.. #
.....##....
..## #.
#....#.....
.... #..
..........
###.
#...##...#...
####..
#.......3..
.....
.......l.#
#...# #l.#
#.###
#@.######
#...#
#........
##...
#.#######
##.. #.# ##.
#.####### ##
#......># #
#######.# #
#..# # #.## #


You could see 2 iguanas and a friendly soul eater (summoned).

Vanquished Creatures
  A black bear (D:4)
  An ogre (D:4)
  A hound (D:4)
  2 gnolls (D:1)
  2 adders
  A worm (D:3)
  4 dart slugs
  7 bats
  2 endoplasms (D:2)
  2 giant cockroaches
  5 hobgoblins
  4 jackals (D:4)
  2 quokkas
  2 ball pythons
  A frilled lizard (D:1)
  4 goblins
  2 kobolds
  6 rats
49 creatures vanquished.

Vanquished Creatures (collateral kills)
  An iguana (D:4)
  3 orcs (D:4)
  An endoplasm (D:1)
5 creatures vanquished.

Grand Total: 54 creatures vanquished

Notes
Turn   | Place    | Note
-------+----------+-------------------------------------------
     0 | D:1      | DemonSlayer the Demonspawn Earth Elementalist began the
                  | quest for the Orb.
     0 | D:1      | Reached XP level 1. HP: 13/13 MP: 3/3
   173 | D:1      | Gained mutation: A weak demonic guardian rushes to your
                  | aid. [demonic ancestry]
   173 | D:1      | Reached XP level 2. HP: 19/19 MP: 3/5
   319 | D:1      | Found a faded altar of an unknown god.
   564 | D:1      | Gained mutation: A demonic guardian rushes to your aid.
                  | [demonic ancestry]
   564 | D:1      | Reached XP level 3. HP: 24/24 MP: 4/7
   876 | D:1      | Learned a level 2 spell: Passwall
   880 | D:1      | Learned a level 3 spell: Stone Arrow
  1214 | D:2      | Noticed Terence
  1441 | D:3      | Gained mutation: You have a pair of small horns on your
                  | head. [demonic ancestry]
  1441 | D:3      | Reached XP level 4. HP: 29/30 MP: 4/8
  2069 | D:4      | Learned a level 3 spell: Mephitic Cloud
  2197 | D:4      | Found a staircase to the Ecumenical Temple.
  2205 | D:4      | Noticed a black bear
  2211 | D:4      | Killed a black bear
  2212 | D:4      | Reached XP level 5. HP: 36/36 MP: 6/10
  2216 | Temple   | Entered the Ecumenical Temple
  2253 | Temple   | Became a worshipper of Dithmenos the Shadowed
  2439 | D:4      | Noticed an ogre
  2453 | D:4      | Killed an ogre
  2454 | D:4      | Gained mutation: A powerful demonic guardian rushes to your
                  | aid. [demonic ancestry]
  2454 | D:4      | Reached XP level 6. HP: 33/42 MP: 3/12
  2559 | D:4      | Found a blossoming altar of Fedhas.
  2616 | D:4      | Slain by an iguana

Illustrated notes

Levels and vault maps discovered:
D:1:      minmay_arrival_up_and_down, layout_basic,
          shapermc_ecumenical_altar_flowoftime
D:2:      layout_rooms, serial_rivers, chequers_serial_rivers_small_b,
          chequers_serial_rivers_room_a, chequers_serial_rivers_micro_c,
          chequers_serial_rivers_small_b, chequers_serial_rivers_micro_b,
          chequers_jeans, uniq_terence
D:3:      layout_loops_ring
D:4:      layout_loops_ring, fedhas_altar_4, minmay_temple_entry_tees,
          uniq_crazy_yiuf_cottage, uniq_edmund
Temple:   nicolae_temple_god_jail

Skill      XL: |  1  2  3  4  5 |
---------------+----------------+-----
Dodging        | 2 |  2.4
Earth Magic    | 3 4 |  4.4
Stealth        | 2 |  2.5
Spellcasting   | 3 4 |  4.1
Fighting       | |  0.6
Short Blades   | |  0.6
Transmutations | |  0.8

Action                     |  1- 3 |  4- 6 || total
---------------------------+-------+-------++-------
  Melee: Dagger            |    12 |     7 ||    19
   Cast: Sandblast         |    43 |    32 ||    75
    Use: Potion            |     1 |       ||     1
   Stab: Sleeping          |     3 |     1 ||     4
 Armour: Robe              |     6 |     5 ||    11
  Dodge: Dodged            |    20 |    25 ||    45
